 Dungeon Crawl Stone Soup version 0.17.2-1-ge4368a0 (webtiles) character file.

23 Goblin1989 the Magician (level 2, -5/19 HPs)
             Began as a Demonspawn Wizard on Nov 4, 2016.
             Slain by a giant frog skeleton (7 damage)
             ... on level 1 of the Dungeon.
             The game lasted 00:06:14 (1165 turns).

Goblin1989 the Magician (Demonspawn Wizard)         Turns: 1165, Time: 00:06:14

Health: -5/19      AC:  2    Str:  7    XL:     2   Next: 75%
Magic:  0/6        EV: 12    Int: 19    God:
Gold:   60         SH:  0    Dex: 11    Spells: 2 memorised, 5 levels left

rFire  . . .     SeeInvis .     e - +0 spear
rCold  . . .     Clarity  .     a - +0 robe
rNeg   . . .     SustAt   .     (no shield)
rPois  .         Gourm    .     b - +0 hat
rElec  .         Spirit   +     (no cloak)
rCorr  .         Warding  .     (no gloves)
rMut   .         Stasis   .     (no boots)
MR     .....                    (no amulet)
Stlth  ++........               (no ring)
                                (no ring)

@: not resistant to hostile enchantments, unstealthy
A: magic shield
a: no special abilities


You were on level 1 of the Dungeon.
You were hungry.

You visited 1 branch of the dungeon, and saw 1 of its levels.

You collected 60 gold pieces.

Inventory:

Hand Weapons
 e - a +0 spear (weapon)
Missiles
 h - 5 curare-tipped needles
 j - 16 poisoned needles
Armour
 a - a +0 robe (worn)
 b - a +0 hat (worn)
Jewellery
 k - an uncursed ring of fire {unknown}
Scrolls
 i - a scroll of magic mapping {unknown}
 l - 2 scrolls of blinking {unknown}
Potions
 m - a potion of heal wounds {unknown}
Books
 c - a book of Minor Magic

   Spells                             Type                      Level
   a - Magic Dart                     Conjuration                  1
   b - Blink                          Translocation                2
   c - Call Imp                       Summoning                    2
   d - Repel Missiles                 Charms/Air                   2
   e - Slow                           Hexes                        2
   f - Conjure Flame                  Conjuration/Fire             3
   g - Mephitic Cloud                 Conjuration/Poison/Air       3
Comestibles
 d - 2 bread rations {@e1}
 g - a meat ration {@e2}


   Skills:
 - Level 1.7 Dodging
 - Level 1.7 Stealth
 * Level 3.6 Spellcasting
 + Level 1.7 Conjurations
 - Level 1.0 Summonings
   Level 0.8 Translocations


You had 5 spell levels left.
You knew the following spells:

 Your Spells              Type           Power        Failure   Level  Hunger
a - Magic Dart            Conj           #...         10%         1    None
b - Call Imp              Summ           #.......     17%         2    ##.....


Dungeon Overview and Level Annotations

Branches:
Dungeon (1/15)

Altars:


Innate Abilities, Weirdness & Mutations

When hurt, damage is shared between your health and your magic reserves.


Message History

You hit the giant frog skeleton but do no damage.
The giant frog skeleton hits you.
The giant frog skeleton closely misses you.
You take 4 damage, and have 10/19 hp.
MASSIVE DAMAGE!!
You barely miss the giant frog skeleton.
The giant frog skeleton hits you.
* * * LOW HITPOINT WARNING * * *
You take 4 damage, and have 6/19 hp.
MASSIVE DAMAGE!!
You hit the giant frog skeleton. The giant frog skeleton misses you.
You hit the giant frog skeleton.
The giant frog skeleton closely misses you. x2
You hit the giant frog skeleton.
The giant frog skeleton closely misses you.
You barely miss the giant frog skeleton.
The giant frog skeleton misses you. The giant frog skeleton hits you.
* * * LOW HITPOINT WARNING * * *
You take 4 damage, and have 2/19 hp.
MASSIVE DAMAGE!!
You now have 0/6 mp.
You hit the giant frog skeleton but do no damage.
The giant frog skeleton hits you!
You die...

..........█
..........███ █.█
███)......... █.█
███.......... █.█
█........... █.█
█........██ █.█
█........█ █.█
█........█ █.█
██.......███████@█
█.............█Z█
█.....).█████.█.█
█.......█ █.█.█.█
███ ██████.██
█...█.███.█
█.████.█.......█
██..........███.█
█.............█.█
█.█████.█.███.█.█


You could see a giant frog skeleton.

Vanquished Creatures
  A giant gecko (D:1)
  3 bats (D:1)
  3 giant cockroaches (D:1)
  A hobgoblin (D:1)
  4 jackals (D:1)
  2 kobolds (D:1)
  A giant newt (D:1)
  5 goblins (D:1)
20 creatures vanquished.

Notes
Turn   | Place    | Note
--------------------------------------------------------------
     0 | D:1      | Goblin1989 the Demonspawn Wizard began the quest for the Orb.
     0 | D:1      | Reached XP level 1. HP: 13/13 MP: 4/4
   310 | D:1      | Gained mutation: When hurt, damage is shared between your health and your magic reserves. [demonic ancestry]
   310 | D:1      | Reached XP level 2. HP: 19/19 MP: 0/6
   474 | D:1      | Learned a level 2 spell: Call Imp
  1165 | D:1      | Slain by a giant frog skeleton

Action                   || total
-------------------------++-------
Melee: Spear             ||    32
       Unarmed           ||     7
 Cast: Magic Dart        ||    53

Vault maps used:
D:1:      dpeg_arrival_pits
